 Dungeon Crawl Stone Soup version 0.18.1-50-g88ac8fd (webtiles) character file.

22997 Peloso the Blocker (level 12, 0/102 HPs)
             Began as a Demigod Fighter on Oct 16, 2016.
             Succumbed to a killer bee's poison
             ... on level 2 of the Lair of Beasts.
             The game lasted 00:50:21 (16874 turns).

Peloso the Blocker (Demigod Fighter)               Turns: 16874, Time: 00:50:21

Health: 0/102      AC: 20    Str: 25    XL:     12   Next: 35%
Magic:  19/19      EV: 10    Int: 12    God:
Gold:   299        SH: 16    Dex: 17    Spells: 0 memorised, 16 levels left

rFire  + . .     SeeInvis +     K - +1 scimitar (freeze)
rCold  + . .     Gourm    .     O - +0 plate armour
rNeg   . . .     Faith    .     c - +0 shield
rPois  +         Spirit   .     b - +0 hat {MR+}
rElec  +         Dismiss  .     y - +0 cloak
rCorr  +         Reflect  +     l - +0 pair of gloves {archery}
SustAt +         Harm     .     A - +0 pair of boots
MR     ++...                    s - +3 amulet of reflection
Stlth  ..........               e - ring of see invisible
                                U - +2 ring of protection

@: lethally poisoned (0 -> -2), resistant, very slightly contaminated, hasted,
very quick, very resistant to hostile enchantments, extremely unstealthy
A: high mp 1, sustain attributes
a: no special abilities


You were on level 2 of the Lair of Beasts.
You were not hungry.

You visited 2 branches of the dungeon, and saw 13 of its levels.
You also visited: Sewer.

You collected 565 gold pieces.
You spent 266 gold pieces at shops.

Inventory:

Hand Weapons
 a - a +1 long sword
 t - a +1 dagger of flaming
 K - a +1 scimitar of freezing (weapon)
Armour
 b - a +0 hat of magic resistance (worn)
 c - a +0 shield (worn)
 d - a +1 pair of gloves
 l - a +0 pair of gloves of archery (worn)
 y - a +0 cloak (worn)
 A - a +0 pair of boots (worn)
 O - a +0 plate armour (worn)
Jewellery
 e - a ring of see invisible (right hand)
 s - a +3 amulet of reflection (around neck)
 B - an uncursed ring of flight
 J - an uncursed amulet of harm
 Q - an uncursed ring of fire
 U - a +2 ring of protection (left hand)
Wands
 w - a wand of iceblast (11/15)
 L - a wand of disintegration (1/24)
Scrolls
 h - 8 scrolls of identify
 m - 2 scrolls of recharging
 n - a scroll of fog
 q - 3 scrolls of fear
 u - 3 scrolls of teleportation
 N - 3 scrolls of remove curse
 Y - a scroll of magic mapping
Potions
 H - 2 potions of invisibility
 I - 5 potions of flight
Books
 j - a book of the Earth

   Spells                             Type                      Level
   a - Leda's Liquefaction            Hexes/Earth                  4
   b - Bolt of Magma                  Conjuration/Fire/Earth       5
   c - Statue Form                    Transmutation/Earth          6
   d - Iron Shot                      Conjuration/Earth            6
   e - Shatter                        Earth                        9
Comestibles
 f - 9 bread rations
 g - 8 meat rations
 k - 2 slices of pizza
 o - 2 beef jerkies
 D - 9 fruits
 W - 10 royal jellies


   Skills:
 + Level 8.2 Fighting
 + Level 2.8(6.2) Short Blades
 + Level 8.7(8.9) Long Blades
 + Level 2.9 Throwing
 + Level 8.8 Armour
 + Level 6.7 Dodging
 + Level 3.5 Stealth
 + Level 10.6 Shields
 + Level 2.8 Unarmed Combat
 + Level 2.6 Spellcasting
 + Level 2.9 Evocations


You had 16 spell levels left.
You didn't know any spells.

Dungeon Overview and Level Annotations

Branches:
Dungeon (10/15)            Temple (0/1) D:6            Lair (3/8) D:8
  Swamp: Lair:3-6    Shoals: Lair:3-6     Snake: Lair:3-6    Spider: Lair:3-6
    Orc: D:9-12

Shops:
D:5 *   D:6 *   D:7 [   D:9 *=*   D:10 }

Annotations:
Lair:1 Fannar


Innate Abilities, Weirdness & Mutations

You have an increased reservoir of magic (+10% MP).
Your attributes are resistant to harm.


Message History

You kill the killer bee!
This wand has 11 charges left.
* * * LOW HITPOINT WARNING * * *
You feel sick.
Eat which item? (? for menu, Esc to quit)
Yeuchh!
Anchovies.
Drink which item? (? for menu, Esc to quit)
You feel yourself speed up.
* * * LOW HITPOINT WARNING * * *
You feel sick.
You are very lightly contaminated with residual magic.
Drink which item? (? for menu, Esc to quit)
Okay, then.
Drink which item? (? for menu, Esc to quit)
You can't drink that!
Drink which item? (? for menu, Esc to quit)
Okay, then.
Eat which item? (? for menu, Esc to quit)
Mmmm...
Yummy dragonfruit.
You die...

## ##### .####### #.#.##### ###
.......######### #.......# #..
..........#.#..###...##P.######..
..≈≈≈≈.#.......†@#.#.###......#..
..≈##†.............####..........
..≈#≈≈.............# ##..........
..≈≈≈≈...........#.# #.#.........
..≈≈≈≈...#..P....#.#####.........
..≈≈≈≈...###........# ##...#.P#..
..≈≈≈≈...###........###...#..##..
..≈≈≈≈.#..###............##..##..
.........####............#....#..


There were no monsters in sight!

Vanquished Creatures
  Gastronok (Lair:2)
  Harold (Lair:2)
  A queen ant (Lair:1)
  2 black mambas
  5 spiny frogs
  5 komodo dragons
  A queen bee (Lair:3)
  Grinder (D:3)
  9 spriggans (D:5)
  9 yaks
  A wyvern (D:10)
  A basilisk (Lair:3)
  2 hippogriffs
  2 hungry ghosts
  7 soldier ants (Lair:1)
  11 water moccasins
  3 swamp worms (Lair:2)
  3 ice beasts
  5 porcupines
  2 phantoms
  3 orc warriors
  A black bear (D:7)
  2 sky beasts
  3 wolves (Lair:1)
  2 centaurs
  10 ogres
  7 crocodiles
  10 giant frogs
  4 scorpions
  15 killer bees
  3 howler monkeys
  8 wights
  2 electric eels (Lair:2)
  A quasit (D:10)
  7 crimson imps
  A giant frog skeleton (D:8)
  4 hounds
  5 jellies
  A giant frog zombie (D:8)
  2 orc priests
  Ijyb (D:2)
  9 orc wizards
  35 worker ants
  8 iguanas
  A hound skeleton (D:5)
  A worker ant zombie (D:8)
  Robin (D:2)
  12 gnolls
  23 adders
  2 howler monkey skeletons (D:4)
  20 river rats
  3 shadow imps
  12 oozes
  2 adder zombies
  3 adder skeletons
  23 worms
  A dart slug (D:2)
  7 giant geckos
  29 orcs
  11 bats
  11 giant cockroaches
  8 hobgoblins
  14 jackals
  6 quokkas
  8 ball pythons
  6 giant newts
  18 goblins
  A goblin skeleton (D:6)
  2 goblin zombies (D:6)
  2 hobgoblin zombies (D:6)
  A jackal skeleton (D:7)
  4 kobolds
  A kobold skeleton (D:6)
  A kobold zombie (D:6)
  An orc skeleton (D:6)
  An orc zombie (D:6)
  2 quokka skeletons
  13 rats
  A fungus (Lair:1)
  A plant (Lair:2)
469 creatures vanquished.

Vanquished Creatures (others)
  A centaur (D:7)
  A scorpion (D:8)
  An adder (D:8)
  An orc (D:8)
  4 fungi
  3 plants
11 creatures vanquished.

Grand Total: 480 creatures vanquished

Notes
Turn   | Place    | Note
--------------------------------------------------------------
     0 | D:1      | Peloso the Demigod Fighter began the quest for the Orb.
     0 | D:1      | Reached XP level 1. HP: 18/18 MP: 3/3
   213 | D:1      | Reached XP level 2. HP: 21/25 MP: 4/4
   556 | D:2      | Reached skill level 3 in Shields
   653 | D:2      | Reached XP level 3. HP: 24/30 MP: 5/5
   702 | D:2      | Reached skill level 1 in Dodging
  1268 | D:2      | Reached XP level 4. HP: 38/38 MP: 6/6
  1384 | D:2      | Noticed Ijyb
  1392 | D:2      | Killed Ijyb
  1807 | D:2      | Found a deep blue altar of Sif Muna.
  1992 | D:3      | Noticed Robin
  2183 | D:2      | Reached XP level 5. HP: 35/45 MP: 7/7
  2372 | D:2      | Killed Robin
  2409 | D:3      | Noticed Grinder
  2419 | D:3      | Killed Grinder
  2419 | D:3      | Reached XP level 6. HP: 23/51 MP: 8/8
  3102 | D:3      | Reached skill level 4 in Shields
  3230 | D:3      | Found a sacrificial altar of Ru.
  4071 | D:4      | Reached XP level 7. HP: 35/57 MP: 9/9
  4235 | D:4      | Found a glowing drain.
  4241 | Sewer    | Entered a sewer
  5512 | D:5      | Entered Level 5 of the Dungeon
  5563 | D:5      | Found a white marble altar of Elyvilon.
  5672 | D:5      | Noticed a spriggan
  5689 | D:5      | Killed a spriggan
  5700 | D:5      | Noticed a spriggan
  5701 | D:5      | Noticed a spriggan
  5717 | D:5      | Killed a spriggan
  5717 | D:5      | Reached skill level 5 in Shields
  5729 | D:5      | Killed a spriggan
  5729 | D:5      | Reached skill level 5 in Armour
  5729 | D:5      | Reached XP level 8. HP: 30/66 MP: 10/10
  5893 | D:5      | Reached skill level 5 in Dodging
  5906 | D:5      | Reached skill level 6 in Shields
  6123 | D:5      | Reached XP level 9. HP: 41/72 MP: 11/11
  6132 | D:5      | Found a shattered altar of Ashenzari.
  6134 | D:5      | Reached skill level 5 in Fighting
  6134 | D:5      | Reached skill level 5 in Long Blades
  6134 | D:5      | Reached skill level 7 in Shields
  6134 | D:5      | Reached XP level 10. HP: 50/83 MP: 11/17
  6192 | D:5      | Found an opulent altar of Gozag.
  6280 | D:5      | Found Gozag's Platinum Reserve.
  6455 | D:5      | Found a basalt altar of Yredelemnul.
  6458 | D:5      | Found a stormy altar of Qazlal.
  6461 | D:5      | Found a blossoming altar of Fedhas.
  6501 | D:6      | Found a glowing golden altar of the Shining One.
  6543 | D:6      | Found a staircase to the Ecumenical Temple.
  6860 | D:6      | Found Fonyduv's General Store.
  7211 | D:7      | Found Qoanank's Antique Armour Shop.
  7342 | D:7      | Found an iron altar of Okawaru.
  7822 | D:7      | Found a glowing silver altar of Zin.
  7955 | D:8      | Found a shimmering altar of Xom.
  8104 | D:8      | Found a staircase to the Lair.
  8141 | D:8      | Found an oddly glowing altar of Pakellas.
  8496 | D:7      | Bought a shimmering chain mail for 266 gold pieces
  8510 | D:7      | Identified the +1 chain mail of Grace {Int+4} (You bought it in a shop on level 7 of the Dungeon)
  8568 | D:9      | Found a sparkling altar of Nemelex Xobeh.
  8573 | D:9      | Found a radiant altar of Vehumet.
  8796 | D:9      | Reached skill level 8 in Shields
  8816 | D:9      | Found Rioliwit's Assorted Antiques.
  9216 | D:9      | Found Noprepeu's Jewellery Boutique.
  9224 | D:9      | Found Pyntoum's Assorted Antiques.
  9348 | D:10     | Entered Level 10 of the Dungeon
  9657 | D:10     | Found a glowing golden altar of the Shining One.
  9745 | D:10     | Reached XP level 11. HP: 64/91 MP: 18/18
 10186 | D:10     | Found Xumibbuumu's Gadget Shop.
 10759 | Lair:1   | Entered Level 1 of the Lair of Beasts
 11587 | Lair:1   | Reached skill level 9 in Shields
 11675 | Lair:1   | Noticed a queen ant
 11720 | Lair:1   | Killed a queen ant
 13186 | Lair:2   | Noticed Fannar
 13918 | Lair:1   | HP: 1/92 [Fannar/bolt of cold (19)]
 14268 | Lair:2   | Noticed Gastronok
 14316 | Lair:2   | Killed Gastronok
 14579 | Lair:2   | Reached skill level 10 in Shields
 15022 | Lair:2   | Reached XP level 12. HP: 68/101 MP: 19/19
 15311 | Lair:2   | Noticed Harold
 15326 | Lair:2   | Killed Harold
 16862 | Lair:2   | HP: 5/102 [poisoned by a killer bee]
 16866 | Lair:2   | HP: 2/102 [poisoned by a killer bee]
 16871 | Lair:2   | HP: 1/102 [poisoned by a killer bee]
 16874 | Lair:2   | Succumbed to a killer bee's poison

Skill      XL: |  1  2  3  4  5  6  7  8  9 10 11 12 |
---------------+-------------------------------------+-----
Armour         | 3 4 5 6 7 8 |  8.8
Shields        | 3 4 5 6 7 8 10 | 10.6
Long Blades    | 2 3 4 5 6 8 |  8.7
Fighting       | 3 4 5 6 7 8 |  8.2
Dodging        | 1 2 3 4 5 6 |  6.7
Short Blades   | 2 |  2.8
Throwing       | 2 |  2.9
Stealth        | 3 |  3.5
Unarmed Combat | 2 |  2.8
Spellcasting   | 2 |  2.6
Evocations     | 2 |  2.9

Action                   |  1- 3 |  4- 6 |  7- 9 | 10-12 || total
-------------------------+-------+-------+-------+-------++-------
Melee: Long sword        |   146 |   229 |   407 |   115 ||   897
       Scimitar          |       |       |       |  1444 ||  1444
Evoke: Wand              |       |       |       |     4 ||     4
  Use: Potion            |       |     1 |     2 |    14 ||    17
       Scroll            |       |       |    17 |    15 ||    32
  Eat: Chunk             |     1 |    10 |     8 |    35 ||    54
       Fruit             |       |       |       |     6 ||     6
       Pizza             |       |       |       |     1 ||     1
Armor: Scale mail        |    69 |    96 |   132 |    36 ||   333
       Plate armour      |       |       |       |   442 ||   442
       Chain mail        |       |       |       |    57 ||    57
Dodge: Dodged            |    65 |    80 |   154 |   441 ||   740
Block: Shield            |    94 |   122 |   358 |  1142 ||  1716
       Reflection        |       |       |       |    10 ||    10
